 Dungeon Crawl Stone Soup version 0.27-a0-1308-gc08437e49b (webtiles) character file.

Game seed: 3139539011086929770

99438 tirwA the Tortoise (level 16, 0/108 HPs)
             Began as a Tengu Berserker on June 17, 2021.
             Was an Elder of Trog.
             Slain by a spriggan rider (13 damage)
             ... on level 2 of the Swamp on June 19, 2021.
             The game lasted 02:33:20 (30230 turns).

tirwA the Tortoise (Tengu Berserker)               Turns: 30230, Time: 02:33:20

Health: 0/108      AC: 27    Str: 29    XL:     16   Next: 25%
Magic:  17/17      EV: 20    Int:  7    God:    Trog [****..]
Gold:   1971       SH:  0    Dex: 28    Spells: 15/15 levels left

rFire    . . .     SeeInvis .   i - +8 rapier (elec)
rCold    x . .     Faith    +   (no shield)
rNeg     + . .     Spirit   .   m - +6 chain mail of Exclusion {rC- rCorr Str+8 Dex+2}
rPois    +         Reflect  .   (helmet restricted)
rElec    .         Harm     .   K - +2 cloak
rCorr    +         Rampage  .   p - +2 pair of gloves
Will     +....                  (boots unavailable)
Stlth    +.........             s - amulet of faith
HPRegen  0.28/turn              n - ring "Fuofos" {rPois rN+ rCorr Int-2 Dex+4}
MPRegen  0.15/turn              N - +6 ring of dexterity

@: flying quickly and evasively, hasted, very quick
A: beak, talons 3, nimble flight
a: Renounce Religion, Berserk, Trog's Hand, Brothers in Arms


You were on level 2 of the Swamp.
You worshipped Trog.
Trog was greatly pleased with you.
You visited 4 branches of the dungeon, and saw 24 of its levels.

You collected 1971 gold pieces.

Inventory:

Hand Weapons
 i - a +8 rapier of electrocution (weapon)
Missiles
 c - 43 poisoned darts (quivered)
 C - 22 boomerangs
 J - 3 curare-tipped darts
Armour
 l - +0 ice dragon scales
 m - the +6 chain mail of Exclusion (worn) {rC- rCorr Str+8 Dex+2}
   (You found it on level 6 of the Dungeon)

   It affects your strength (+8).
   It affects your dexterity (+2).
   It makes you vulnerable to cold.
   It protects you from acid and corrosion.
 p - a +2 pair of gloves (worn)
 D - a +1 plate armour of positive energy
 K - a +2 cloak (worn)
Jewellery
 j - an amulet of the acrobat
 n - the ring "Fuofos" (left hand) {rPois rN+ rCorr Int-2 Dex+4}
   (You found it on level 6 of the Dungeon)

   [ring of resist corrosion]

   It affects your intelligence (-2).
   It affects your dexterity (+4).
   It protects you from poison.
   It protects you from negative energy.
   It protects you from acid and corrosion.
 q - a ring of see invisible
 s - an amulet of faith (around neck)
 y - an amulet of guardian spirit
 M - a +6 ring of intelligence
 N - a +6 ring of dexterity (right hand)
Wands
 d - a wand of iceblast (15)
 e - a wand of digging (3)
 f - a wand of flame (112)
 o - a wand of polymorph (10)
 v - a wand of mindburst (13)
 x - a wand of acid (9)
 E - a wand of paralysis (7)
 F - a wand of charming (7)
Scrolls
 h - 2 scrolls of fog
 k - 2 scrolls of brand weapon
 u - a scroll of silence
 w - a scroll of teleportation
 A - 2 scrolls of acquirement
 B - 5 scrolls of magic mapping
 I - a scroll of fear {unknown}
 L - a scroll of holy word {unknown}
 O - a scroll of enchant weapon
Potions
 a - a potion of haste
 b - 3 potions of magic
 g - 4 potions of curing
 r - 2 potions of attraction
 t - 3 potions of lignification
 G - a potion of mutation


   Skills:
 + Level 15.2 Fighting
 - Level 14.0 Short Blades
 + Level 9.1 Throwing
 + Level 16.8 Armour
 + Level 8.5 Dodging
 + Level 4.9 Stealth
 + Level 3.4 Evocations


You had 15 spell levels left.
You didn't know any spells.
Your spell library was empty.

Dungeon Overview and Level Annotations

Branches:
Dungeon (15/15)            Temple (0/1) D:7            Lair (6/6) D:10
  Swamp (2/4) Lair:3       Spider (0/4) Lair:2        Slime (1/5) Lair:6
    Orc (0/2) D:9
 Vaults: D:13-14     Depths: D:15

Altars:
Ashenzari
Elyvilon
Fedhas
Gozag
Nemelex Xobeh
Okawaru
Ru
Sif Muna
Trog
Vehumet
Wu Jian
Zin
The Shining One

Shops:
D:4 [

Annotations:
D:4 2 transporters, sn0wgr3's ghost, amateur GrFi
D:12 exclusion: obsidian statue
D:14 Agnes
Lair:3 exclusion: 4 oklob plants


Innate Abilities, Weirdness & Mutations

You have a beak for a mouth.
You have claws for feet.
Your magical nature lets you fly swiftly and evasively.


Message History

The vampire mosquito misses you.
You barely miss the vampire mosquito. Your kick misses the vampire mosquito.
You peck the vampire mosquito.
The vampire mosquito is lightly damaged.
The spriggan rider hits you from afar with a +0 spear!
The vampire mosquito completely misses you.
The vampire mosquito misses you.
You puncture the vampire mosquito!
Lightning courses through the vampire mosquito!
Your kick misses the vampire mosquito. You peck the vampire mosquito.
The vampire mosquito is almost destroyed.
The vampire mosquito bites you but does no damage. x2
You closely miss the vampire mosquito. Your kick misses the vampire mosquito.
The vampire mosquito is almost destroyed.
The vampire mosquito completely misses you.
The spriggan rider hits you from afar with a +0 spear.
The vampire mosquito bites you but does no damage.
You puncture the vampire mosquito!
You destroy the vampire mosquito!
Trog accepts your kill. The vampire mosquito barely misses you.
You puncture the vampire mosquito!
You destroy the vampire mosquito!
Trog accepts your kill.
The spriggan rider hits you but does no damage.
The spriggan rider shouts!
The spriggan rider hits you from afar with a +0 spear.
The spriggan rider hits you from afar with a +0 spear!
The spriggan rider hits you from afar with a +0 spear.
The spriggan rider misses you.
The spriggan rider hits you from afar with a +0 spear!
* * * LOW HITPOINT WARNING * * *
The eight-headed hydra roars!
The spriggan rider hits you but does no damage.
The spriggan rider hits you from afar with a +0 spear!
* * * LOW HITPOINT WARNING * * *
Okay, then.
You feel yourself speed up.
The spriggan rider hits you from afar with a +0 spear!
You die...

.≈≈[...≈≈.....≈..♣
≈≈≈.≈.≈....≈≈...≈.
...........≈..≈..♣
.....≈....≈...$..♣
≈..♣...≈≈..♣....♣
♣......≈..≈≈♣≈♣♣
.≈≈.........♣♣♣ ♣♣♣♣♣♣♣♣♣
.≈≈.≈..♣♣...≈.♣♣♣♣♣♣≈...!..♣♣♣
....≈....♣♣..≈..@....≈≈≈≈≈≈..♣♣
.≈..♣.... ♣♣♣...≈(i.≈≈§†≈≈≈≈≈.♣
..≈...≈≈.≈D.....≈i†≈≈≈≈≈≈≈§≈.♣
.≈......≈≈≈≈≈≈≈≈†≈≈)≈§≈≈≈≈.≈♣
...≈≈≈≈...≈≈...≈≈≈≈§..≈≈≈≈≈..
≈≈≈≈≈....≈^.§≈≈≈.≈≈.§≈≈≈≈.
≈≈≈≈≈≈≈.≈...≈≈≈..≈≈≈≈≈≈≈≈≈
≈≈≈≈≈≈≈.≈...≈≈≈≈.≈≈≈≈≈§≈≈.
≈≈≈≈...♣≈...≈.♣♣≈.≈≈i≈≈≈


You could see an eight-headed hydra and 2 spriggan riders.

Vanquished Creatures
  A dire elephant (Lair:6)
  A bunyip (Swamp:1)
  Josephine (D:13)
  A shambling mangrove (Swamp:1)
  A great orb of eyes (Slime:1)
  A rakshasa (D:14)
  8 hydras
  An ice dragon (Lair:6)
  A boulder beetle (D:12)
  6 centaur warriors
  3 two-headed ogres
  3 catoblepae
  2 alligators (Swamp:1)
  6 death yaks
  Sonja (Lair:3)
  4 skeletal warriors (D:14)
  A sea snake (shapeshifter) (D:13)
  A goliath frog (Swamp:1)
  2 spriggan druids
  6 lindwurms
  7 ugly things
  An orb spider (Lair:2)
  2 manticores
  5 cyclopes
  22 elephants
  2 centaur zombies
  4 black mambas
  6 torpor snails (Lair:6)
  Joseph (D:8)
  A gargoyle (D:12)
  10 cane toads
  A yaktaur (D:12)
  7 komodo dragons
  3 rime drakes
  3 unseen horrors
  2 ice devils (D:12)
  2 trolls
  9 hornets
  7 tyrant leeches
  20 blink frogs
  12 polar bears
  3 dream sheep (Lair:6)
  3 raiju (Lair:6)
  21 slime creatures
  Sigmund (D:5)
  2 shadows (D:9)
  6 wraiths
  A vampire (D:14)
  A water elemental (D:14)
  8 wyverns
  12 vampire mosquitoes
  52 yaks
  11 basilisks
  2 steam dragons
  6 swamp worms
  4 wargs (Lair:6)
  An acid dragon (shapeshifter) (D:13)
  4 acid dragons
  12 water moccasins
  14 hell hounds (Lair:6)
  2 ice beasts
  3 orc warriors
  3 sky beasts
  12 black bears
  2 boggarts (D:14)
  A swamp drake (Swamp:1)
  3 ogres
  6 centaurs
  19 wolves (Lair:6)
  2 phantoms
  17 bullfrogs
  3 gnoll sergeants
  2 water moccasin zombies (D:6)
  A scorpion (D:5)
  A wyvern zombie (D:4)
  3 troll zombies (D:9)
  14 killer bees
  4 wights (D:8)
  3 howler monkeys
  2 electric eels
  9 orc priests
  2 bullfrog skeletons
  A gnoll shaman (D:8)
  2 hounds (D:5)
  Jessica (D:2)
  2 iguanas (D:5)
  17 orc wizards
  9 hell rats
  3 ogre zombies (D:9)
  A hound skeleton (D:5)
  A hound zombie (D:5)
  15 gnolls
  3 howler monkey zombies
  6 adders
  7 river rats
  2 shadow imps
  2 ufetubi (D:7)
  4 worms
  5 dart slugs
  51 orcs
  8 ball pythons
  8 bats
  2 endoplasms (D:1)
  6 giant cockroaches
  8 goblins
  9 hobgoblins
  9 jackals
  6 kobolds
  4 quokkas
  4 frilled lizards
  A goblin skeleton (D:9)
  2 hobgoblin skeletons (D:9)
  2 hobgoblin zombies (D:9)
  4 orc skeletons (D:9)
  10 orc zombies (D:9)
  15 rats
  A plant (Lair:6)
687 creatures vanquished.

Vanquished Creatures (collateral kills)
  A shambling mangrove (Swamp:2)
  A rakshasa (D:14)
  A two-headed ogre (D:9)
  An orange crystal statue (D:12)
  A swamp dragon (Swamp:1)
  2 deep elf pyromancers
  An ugly thing (D:8)
  A centaur zombie (D:10)
  A torpor snail (Lair:6)
  Prince Ribbit (D:5)
  A hornet (Lair:6)
  A ynoxinul (D:10)
  A water moccasin (D:6)
  A centaur (D:13)
  A wyvern zombie (D:6)
  A howler monkey (D:10)
  An orc priest (D:10)
  A howler monkey zombie (D:6)
  An ufetubus (D:6)
  A plant (Lair:3)
21 creatures vanquished.

Vanquished Creatures (others)
  25 fungi
  94 plants
119 creatures vanquished.

Grand Total: 827 creatures vanquished

Notes
Turn   | Place    | Note
-------+----------+-------------------------------------------
     0 | D:1      | tirwA the Tengu Berserker began the quest for the Orb.
     0 | D:1      | Reached XP level 1. HP: 14/14 MP: 2/2
    95 | D:1      | Reached XP level 2. HP: 15/19 MP: 3/3
   594 | D:1      | Reached XP level 3. HP: 23/23 MP: 4/4
   649 | D:1      | Reached ** piety under Trog
  1092 | D:2      | Noticed Jessica
  1112 | D:2      | Killed Jessica
  1113 | D:2      | Reached XP level 4. HP: 20/29 MP: 5/5
  1760 | D:3      | Noticed a black bear
  1768 | D:3      | Killed a black bear
  1769 | D:3      | Reached skill level 3 in Armour
  1769 | D:3      | Gained mutation: Your magical nature lets you fly swiftly
                  | and evasively. [Tengu growth]
  1769 | D:3      | Reached XP level 5. HP: 33/33 MP: 6/6
  1789 | D:3      | Found a blossoming altar of Fedhas.
  1832 | D:3      | Reached skill level 5 in Short Blades
  2009 | D:3      | Found a faded altar of an unknown god.
  2050 | D:3      | Reached *** piety under Trog
  2332 | D:4      | Noticed a yak
  2332 | D:4      | Noticed a yak
  2332 | D:4      | Noticed a yak
  2332 | D:4      | Noticed a yak
  2395 | D:3      | Killed a yak
  2396 | D:3      | Reached skill level 4 in Armour
  2396 | D:3      | Reached XP level 6. HP: 38/38 MP: 7/7
  2401 | D:3      | Killed a yak
  2402 | D:3      | Reached skill level 5 in Armour
  2402 | D:3      | Reached XP level 7. HP: 44/44 MP: 8/8
  2573 | D:3      | Killed a yak
  2577 | D:3      | Killed a yak
  2796 | D:4      | Found a transporter.
  2800 | D:4      | Noticed sn0wgr3's ghost (amateur GrFi)
  2802 | D:4      | Found a transporter.
  2903 | D:4      | Reached skill level 6 in Armour
  2903 | D:4      | Reached XP level 8. HP: 34/48 MP: 9/9
  3396 | D:4      | Found Midomyts's Armour Emporium.
  3749 | D:5      | Entered Level 5 of the Dungeon
  3781 | D:5      | Reached skill level 5 in Fighting
  3948 | D:5      | Reached skill level 7 in Armour
  4051 | D:5      | Found a broken altar of Ashenzari.
  4082 | D:5      | Noticed Sigmund
  4138 | D:5      | Killed Sigmund
  4334 | D:5      | Reached XP level 9. HP: 36/54 MP: 10/10
  4622 | D:5      | Reached **** piety under Trog
  4805 | D:5      | Noticed Prince Ribbit
  4818 | D:5      | Killed Prince Ribbit
  4819 | D:5      | Reached skill level 8 in Armour
  5038 | D:6      | Identified the +6 chain mail of Exclusion {rC- rCorr Str+8
                  | Dex+2}
  5059 | D:6      | Identified the ring "Fuofos" {rPois rN+ rCorr Int-2 Dex+4}
  5136 | D:6      | Identified the +9 broad axe of Causality {freeze, rPois rF+
                  | Str+4 Stlth-}
  5206 | D:6      | Found a glowing silver altar of Zin.
  5350 | D:6      | Noticed a cyclops
  5370 | D:6      | Killed a cyclops
  5371 | D:6      | Reached skill level 10 in Short Blades
  5857 | D:7      | Found a staircase to the Ecumenical Temple.
  5865 | D:7      | Reached skill level 9 in Armour
  5865 | D:7      | Reached XP level 10. HP: 57/61 MP: 11/11
  6595 | D:7      | Found an iron altar of Okawaru.
  7339 | D:8      | Found a sacrificial altar of Ru.
  7421 | D:8      | Noticed a white ugly thing
  7449 | D:8      | Killed a white ugly thing
  7499 | D:8      | Noticed Joseph
  7521 | D:8      | Killed Joseph
  7778 | D:8      | Identified the +3 scale mail "Egiv" {Int+4 Dex+4}
  7973 | D:9      | Noticed a two-headed ogre
  7987 | D:8      | Reached skill level 10 in Armour
  8202 | D:9      | Found a radiant altar of Vehumet.
  8202 | D:9      | Found a glowing golden altar of the Shining One.
  8202 | D:9      | Found an ornate altar of the Wu Jian Council.
  8300 | D:9      | Reached ***** piety under Trog
  8312 | D:9      | Found a staircase to the Orcish Mines.
  8337 | D:9      | Reached XP level 11. HP: 54/68 MP: 12/12
  8687 | D:9      | Killed a two-headed ogre
  9250 | D:9      | Reached skill level 1 in Stealth
  9254 | D:9      | Received a gift from Trog
  9662 | D:10     | Entered Level 10 of the Dungeon
  9692 | D:10     | Found a white marble altar of Elyvilon.
  9945 | D:10     | Found a bloodstained altar of Trog.
 10027 | D:10     | Found a shimmering blue altar of Sif Muna.
 10184 | D:10     | Found a staircase to the Lair.
 10226 | D:10     | Found an opulent altar of Gozag.
 10295 | D:10     | Reached skill level 11 in Armour
 10681 | D:11     | Reached skill level 1 in Evocations
 11244 | D:11     | Noticed a two-headed ogre
 11282 | D:11     | Killed a two-headed ogre
 11666 | D:11     | Noticed a two-headed ogre
 11680 | D:11     | Killed a two-headed ogre
 11681 | D:11     | Reached skill level 1 in Throwing
 11681 | D:11     | Reached XP level 12. HP: 76/76 MP: 13/13
 12409 | D:12     | Reached skill level 12 in Armour
 12846 | D:12     | You are sucked into a shaft and drop 3 floors!
 12846 | D:15     | Entered Level 15 of the Dungeon
 12877 | D:14     | Noticed a rakshasa
 12924 | D:13     | Noticed a four-headed hydra
 13099 | D:12     | Reached skill level 5 in Dodging
 13387 | D:12     | Noticed a boulder beetle
 13408 | D:12     | Killed a boulder beetle
 13642 | D:12     | Reached skill level 10 in Fighting
 14094 | D:12     | Noticed a centaur warrior
 14101 | D:12     | Killed a centaur warrior
 14420 | D:12     | Noticed a four-headed hydra
 14436 | D:12     | Lost intelligence.
 14448 | D:12     | Reached skill level 13 in Armour
 15060 | D:13     | Noticed Josephine
 15064 | D:13     | Killed Josephine
 15065 | D:13     | Reached XP level 13. HP: 83/83 MP: 14/14
 15443 | D:13     | Received a gift from Trog
 17325 | D:13     | Reached skill level 14 in Armour
 17649 | D:14     | Killed a rakshasa
 17950 | D:14     | Reached skill level 5 in Throwing
 18395 | D:14     | Noticed a rakshasa
 18446 | D:14     | Noticed Agnes
 18534 | D:14     | Killed a rakshasa
 19019 | D:14     | Reached XP level 14. HP: 49/91 MP: 15/15
 19350 | Lair:1   | Entered Level 1 of the Lair of Beasts
 20517 | Lair:2   | Received a gift from Trog
 20568 | Lair:2   | Found a hole to the Spider Nest.
 21248 | Lair:3   | Reached skill level 15 in Armour
 21300 | Lair:3   | Found a staircase to the Swamp.
 21811 | Lair:3   | Noticed Sonja
 21816 | Lair:3   | Killed Sonja
 21990 | Lair:3   | Received a gift from Trog
 22821 | Lair:3   | Identified the ring "Utistuqomn" {rElec rF+ Str-5 Stlth+}
 22967 | Lair:3   | Upgraded the game from 0.27-a0-1301-g128193abf8 to
                  | 0.27-a0-1308-gc08437e49b
 24301 | Lair:5   | Reached XP level 15. HP: 99/99 MP: 16/16
 24336 | Lair:5   | Identified the Compendium of Earth and Evil Arts
 24337 | Lair:5   | Identified the +5 trident of Chagrin {protect, Int+4}
 24394 | Lair:5   | Received a gift from Trog
 24803 | Lair:5   | Identified 2 scrolls of acquirement
 24817 | Lair:6   | Entered Level 6 of the Lair of Beasts
 25044 | Lair:6   | Found a staircase to the Slime Pits.
 25522 | Lair:6   | Reached skill level 16 in Armour
 25733 | Lair:6   | Received a gift from Trog
 26813 | Lair:6   | Found a runed translucent door.
 26874 | Lair:6   | Paralysed by a hornet for 1 turns
 26889 | Lair:6   | HP: 5/101 [torpor snail (11)]
 27374 | Lair:6   | Found a sparkling altar of Nemelex Xobeh.
 27593 | Lair:6   | Reached ****** piety under Trog
 27670 | Lair:6   | Received a gift from Trog
 28484 | Slime:1  | Entered Level 1 of the Pits of Slime
 28497 | Lair:6   | Reached XP level 16. HP: 107/107 MP: 12/17
 28526 | Slime:1  | Paralysed by a great orb of eyes for 3 turns
 28537 | Slime:1  | Paralysed by a great orb of eyes for 6 turns
 28892 | Slime:1  | Noticed an acid blob
 29056 | Swamp:1  | Entered Level 1 of the Swamp
 29069 | Swamp:1  | Reached skill level 15 in Fighting
 30230 | Swamp:2  | Slain by a spriggan rider

Illustrated notes

Levels and vault maps discovered:
D:1:      dpeg_arrival_water_temple_mockup, layout_loops_ring
D:2:      layout_basic, uniq_jessica
D:3:      layout_basic, lemuel_doored_altar,
          hellmonk_ecumenical_altar_arch_garden
D:4:      layout_layer_cave, serial_shops, nicolae_shop_waterfront,
          portal_sewer_entry_e, gammafunk_ghost_arena, minmay_manual_mess
D:5:      layout_basic, evilmike_ruin_ashenzari, uniq_prince_ribbit1,
          uniq_sigmund
D:6:      layout_gridville, zin_academy, minmay_manual_mail
D:7:      layout_basic, marbit_many_paths, minmay_temple_entry_large_hall
D:8:      layout_loops_ring, nicolae_ru_sacrificial_ziggurat,
          chequers_serial_rivers_large_b, uniq_joseph
D:9:      layout_roguey, gammafunk_temple_overflow_forgotten,
          nicolae_overflow_hidden_temple, zombieorc1_lemuel
D:10:     layout_basic, nzn_overflow_gifts_of_might_and_magic,
          overflow_temple_1_default, general_overflow_altar, lair_entry_dummy,
          statue_in_the_mist_lemuel
D:11:     layout_grid_maze, minivault_22, minmay_door_square
D:12:     minmay_separated_statues, layout_stronghold,
          portal_ice_cave_demonic_guard, minivault_20
D:13:     layout_gridville, enter_bailey_4, uniq_josephine
D:14:     layout_gridville, lightli_vaults_fourway_checkpoint,
          infiniplex_staircase_zigzag_4, serial_bayou, serial_bayou_shore_a,
          serial_bayou_pond_b, serial_bayou_pond_c, serial_bayou_pond_e,
          uniq_agnes
D:15:     grunt_enter_depths_giant_problem, layout_basic, serial_rivers,
          chequers_serial_rivers_room_b, chequers_serial_rivers_room_b,
          chequers_serial_rivers_room_a, chequers_serial_rivers_small_a,
          chequers_serial_rivers_marsh, chequers_serial_rivers_small_3,
          lemuel_crystal_altar, uniq_rupert
Lair:1:   layout_loops_ring, nicolae_quartered_pool_medium, minivault_26,
          kennysheep_abandoned_house
Lair:2:   layout_regular_city, nicolae_spider_entry_orb_guardian
Lair:3:   layout_regular_city, swamp_mist, serial_bayou_shore_b,
          minmay_lair_oklob_chamber, uniq_sonja
Lair:4:   layout_layer_cave, beast_lair_carwin_1
Lair:5:   layout_long_grid, small_statue_intersection,
          chequers_serial_rivers_micro_e, minmay_lindwurm_lava
Lair:6:   hangedman_lair_caniforms_friends, layout_cellular_growth, wormcave,
          dpeg_slime_entry_corner, basic_altar
Swamp:1:  layout_basic_swamp, nicolae_swamp_fairy_circle
Swamp:2:  layout_basic_swamp, nicolae_swamp_bean_lake,
          infiniplex_staircase_pool_2
Slime:1:  nicolae_slime_pool, layout_caves

Skill      XL: |  1  2  3  4  5  6  7  8  9 10 11 12 13 14 15 16 |
---------------+-------------------------------------------------+-----
Short Blades   | 4 5 6 8 10 12 13 14 | 14.0
Fighting       | 4 5 6 7 9 10 11 13 14 15 | 15.2
Armour         | 3 4 5 6 7 9 10 11 13 14 15 16 | 16.8
Dodging        | 3 4 5 6 8 |  8.5
Stealth        | 1 2 3 4 |  4.9
Evocations     | 1 2 3 |  3.4
Throwing       | 1 3 6 8 9 |  9.1

Action                   |  1- 3 |  4- 6 |  7- 9 | 10-12 | 13-15 | 16-18 || total
-------------------------+-------+-------+-------+-------+-------+-------++-------
Melee: Short sword       |    82 |    18 |       |       |       |       ||   100
       Kick              |    23 |    15 |    90 |   291 |   618 |    58 ||  1095
       Peck              |    10 |    13 |    47 |   195 |   403 |    35 ||   703
       Rapier            |       |    47 |   235 |   566 |  1065 |   104 ||  2017
Throw: Dart              |       |       |       |    27 |    97 |    17 ||   141
       Boomerang         |       |       |       |       |     2 |     7 ||     9
Invok: Berserk           |       |     2 |     4 |     2 |     3 |       ||    11
       Trog's Hand       |       |     1 |     3 |     1 |     2 |     2 ||     9
       Brothers in Arms  |       |       |     2 |     7 |    10 |     6 ||    25
Evoke: Wand              |       |       |     2 |     3 |    16 |       ||    21
  Use: Potion            |     1 |       |       |     3 |     6 |     5 ||    15
       Scroll            |       |     7 |     2 |     4 |    28 |     3 ||    44
 Stab: Invisible         |       |       |       |     1 |       |       ||     1
       Petrifying        |       |       |       |       |     1 |       ||     1
       Petrified         |       |       |       |       |     1 |       ||     1
       Distracted        |       |       |       |       |       |     1 ||     1
       Confused          |       |       |       |       |       |     1 ||     1
       Sleeping          |       |       |       |       |       |     1 ||     1
Armor: Plate armour      |    51 |    23 |    89 |       |       |       ||   163
       Chain mail        |       |       |    17 |   237 |   417 |    63 ||   734
       Skin              |       |       |       |       |    32 |       ||    32
Dodge: Dodged            |    20 |    20 |    57 |   325 |   588 |   113 ||  1123

Table legend: (Time is in decaauts)
 A = Elapsed time spent in this place.
 B = Non-inter-level travel time spent in this place.
 C = Inter-level travel time spent in this place.
 D = Time resting spent in this place.
 E = Time spent auto-exploring this place.
 F = Levels seen in this place.
 G = Mean time per level.
                   A        B        C        D        E       F      G
               +--------+--------+--------+--------+--------+-----+--------+
         Total |  28391 |  27620 |    771 |   3203 |  20054 |  24 | 1183.0 |
       Dungeon |  18471 |  17996 |    475 |   1703 |  13692 |  15 | 1231.4 |
          Lair |   8457 |   8172 |    285 |   1172 |   5505 |   6 | 1409.5 |
         Swamp |   1080 |   1071 |      9 |     42 |    829 |   2 |  540.0 |
    Slime Pits |    381 |    381 |      0 |    284 |     27 |   1 |  381.0 |
               +--------+--------+--------+--------+--------+-----+--------+

Top non-repeatable levels by time:
    D:12: 3003 daAuts
  Lair:6: 2876 daAuts
    D:13: 2544 daAuts
  Lair:3: 1642 daAuts
    D:14: 1596 daAuts
  Lair:5: 1549 daAuts
     D:9: 1467 daAuts
    D:11: 1349 daAuts
     D:7: 1044 daAuts
     D:5: 1042 daAuts
     D:3: 1029 daAuts
     D:8: 992 daAuts
 Swamp:1: 958 daAuts
     D:1: 944 daAuts
     D:4: 930 daAuts
